Map: 드림캐처 - 래더

Players

Solar - Winner!

  • Race: Zerg Zerg
  • League: Diamond
  • Spawn Location: 11:00

lIIllllIIlll (INnoVation)

  • Race: Terran Terran
  • League: Master
  • Spawn Location: 5:00

Event: HomeStory Cup XVII

VOD

Have the link to the VOD?

Description

Time

  • Played on: June 30, 2018, 2:46 p.m.
  • Length: 16:43

All games in this series

Show
View Real Time Build Order
Export as new Build Order

Solar Zerg - Winner!

Build Orders: Pool First 

Get SALT Encoding   

  12  0:01  Drone  
  13  0:13  Overlord  
  13  0:17  Drone  
  14  0:32  Drone x2  
  16  0:41  Spawning Pool  
  15  0:44  Drone  
  15  0:48  Drone  
  17  1:08  Hatchery  
  17  1:10  Drone  
  17  1:24  Extractor  
  16  1:28  Zergling x6  
  16  1:31  Queen  
  21  1:40  Overlord  
  21  1:50  Drone  
  22  2:01  Drone  
  23  2:07  Queen  
  25  2:12  Drone  
  26  2:21  Drone  
  26  2:24  Drone  
  26  2:26  Metabolic Boost  
  26  2:30  Queen  
  26  2:32  Drone  
  26  2:36  Overlord  
  29  2:40  Drone  
  29  2:41  Drone  
  31  2:45  Drone  
  31  2:47  Drone  
  31  2:49  Drone  
  34  2:54  Drone  
  35  3:06  Hatchery  
  35  3:11  Drone x2  
  36  3:13  Drone  
  36  3:17  Drone  
  36  3:19  Drone x2  
  40  3:23  Drone x2  
  40  3:26  Overlord  
  42  3:32  Drone  
  43  3:35  Zergling x2  
  44  3:44  Queen  
  44  3:45  Zergling x6  
  44  3:46  Zergling x2  
  50  3:49  Zergling x2  
  50  3:50  Overlord  
  51  3:56  Drone  
  51  3:59  Overlord  
  51  4:00  Drone  
  51  4:04  Overlord  
  48  4:10  Drone x2  
  48  4:13  Drone  
  48  4:14  Drone  
  50  4:18  Queen  
  50  4:19  Drone x2  
  50  4:20  Drone  
  55  4:26  Evolution Chamber  
  55  4:27  Evolution Chamber  
  55  4:28  Drone  
  55  4:29  Drone  
  55  4:31  Drone  
  56  4:37  Spore Crawler  
  56  4:38  Overlord  
  55  4:39  Drone  
  55  4:40  Overlord  
  56  4:49  Drone  
  57  4:54  Extractor  
  57  4:55  Drone x3, Zerg Ground Armor Level 1, Zerg Melee Weapons Level 1  
  57  4:56  Drone  
  57  4:57  Drone  
  57  4:59  Drone x2  
  63  5:03  Overlord  
  63  5:05  Drone  
  64  5:07  Drone x2  
  64  5:09  Drone  
  64  5:10  Drone  
  64  5:12  Drone  
  69  5:15  Drone  
  69  5:20  Lair, Drone x2  
  72  5:23  Drone x3  
  72  5:26  Drone  
  76  5:29  Drone x2  
  76  5:32  Drone  
  76  5:34  Baneling Nest, Extractor, Drone x2  
  78  5:36  Extractor, Drone x2  
  78  5:37  Drone  
  78  5:41  Overlord  
  80  5:43  Zergling x2  
  80  5:46  Overlord  
  80  5:49  Extractor  
  80  5:52  Overlord  
  80  5:57  Zergling x2  
  81  6:00  Zergling x4  
  81  6:01  Hatchery  
  81  6:03  Zergling x14  
  89  6:08  Zergling x6  
  92  6:16  Zergling x6  
  95  6:18  Centrifical Hooks  
  95  6:20  Pneumatized Carapace  
  95  6:21  Baneling, Hydralisk Den  
  95  6:22  Baneling x2  
  95  6:25  Baneling x2, Zergling x2  
  94  6:26  Zergling x4  
  94  6:28  Baneling x2  
  94  6:30  Baneling  
  97  6:37  Overlord, Zergling x6  
  97  6:38  Overlord  
  97  6:39  Zergling x2  
  104  6:40  Zergling x10  
  104  6:42  Overlord  
  104  6:50  Zergling x2  
  104  6:51  Zergling x4  
  98  6:59  Zergling x2  
  97  7:04  Zerg Ground Armor Level 2, Zerg Melee Weapons Level 2  
  97  7:05  Drone x2  
  97  7:06  Drone x2  
  97  7:07  Drone x4  
  105  7:09  Drone x3  
  105  7:13  Grooved Spines  
  105  7:14  Drone x3, Queen  
  105  7:15  Drone  
  112  7:23  Hydralisk x2  
  112  7:24  Baneling x2  
  112  7:25  Zergling x2  
  112  7:26  Zergling x2  
  114  7:31  Baneling x5  
  114  7:32  Baneling x3  
  114  7:36  Hydralisk  
  114  7:37  Zergling x16  
  117  7:40  Overlord, Extractor  
  123  7:48  Zergling x12  
  123  7:49  Infestation Pit  
  127  7:53  Hydralisk  
  127  7:56  Zergling x2  
  124  8:04  Zergling x2  
  124  8:05  Zergling x4  
  127  8:06  Baneling x2  
  127  8:07  Overlord  
  127  8:09  Extractor, Drone x3  
  127  8:12  Hatchery  
  128  8:15  Hydralisk x4  
  128  8:16  Overseer  
  128  8:18  Baneling, Overlord  
  128  8:19  Baneling x3  
  136  8:23  Zergling x10  
  136  8:24  Muscular Augments  
  136  8:29  Drone  
  136  8:30  Hive  
  136  8:31  Zergling x2  
  139  8:34  Zergling x10  
  139  8:37  Zergling x2  
  139  8:38  Zergling x4  
  139  8:41  Zergling x2  
  146  8:45  Zergling x8  
  146  8:46  Spire  
  141  8:52  Zergling x10  
  145  8:55  Zergling x2  
  145  9:00  Overlord  
  145  9:02  Baneling x4  
  145  9:03  Baneling, Overlord  
  145  9:10  Zergling x12  
  145  9:12  Drone  
  145  9:14  Drone x2  
  145  9:15  Drone  
  151  9:17  Overlord  
  151  9:22  Drone x2  
  153  9:24  Hydralisk x2  
  153  9:25  Hydralisk  
  153  9:28  Hydralisk x3  
  165  9:32  Overlord  
  165  9:34  Baneling  
  165  9:35  Baneling x16, Hydralisk x2  
  169  9:39  Drone x3  
  169  9:40  Extractor  
  169  9:42  Drone x2  
  173  9:47  Overlord x2  
  173  9:50  Overlord  
  171  9:54  Spawning Pool  
  171  9:56  Adrenal Glands, Viper  
  171  9:58  Zergling x2  
  171  9:59  Zergling x10  
  177  10:02  Spore Crawler  
  177  10:04  Greater Spire  
  175  10:07  Zergling x12  
  175  10:09  Zergling x4  
  175  10:13  Zergling x10  
  181  10:16  Zergling x2  
  181  10:17  Zergling x6  
  181  10:19  Zergling x2  
  181  10:20  Zergling x4  
  188  10:23  Zergling x4  
  180  10:35  Zerg Ground Armor Level 3  
  180  10:37  Zerg Missile Weapons Level 1  
  179  10:47  Corruptor x5  
  182  10:55  Corruptor x2  
  180  10:57  Zergling x2  
  180  10:58  Zergling x30  
  180  11:03  Spore Crawler  
  195  11:16  Drone  
  196  11:29  Baneling x9  
  196  11:30  Zergling x8  
  200  11:35  Hatchery  
  200  11:37  Spore Crawler  
  200  11:38  Spore Crawler  
  197  11:47  Zerg Flyer Weapons Level 1  
  197  12:25  Baneling x11, Zergling x2  
  197  12:26  Zergling x4  
  199  12:30  Zergling x2  
  199  12:32  Overseer x4  
  199  12:35  Zerg Melee Weapons Level 3  
  200  12:49  Zergling x4  
  200  12:53  Extractor  
  198  13:05  Hatchery  
  195  13:22  Zergling x2  
  195  13:23  Zergling x10  
  199  13:32  Extractor  
  199  13:33  Baneling  
  199  13:34  Baneling x8  
  198  13:35  Hatchery  
  185  13:52  Zergling x34  
  199  13:58  Zergling x2  
  180  14:03  Zergling x12  
  180  14:04  Zergling x4  
  180  14:05  Zergling x2  
  180  14:06  Zergling x4  
  180  14:08  Zergling x40  
  180  14:09  Zergling x6  
  199  14:16  Baneling x4  
  197  14:19  Zergling x6  
  197  14:23  Baneling  
  197  14:24  Baneling x22  
  200  14:25  Baneling x3  
  200  14:52  Hydralisk x4  
  161  14:53  Zergling x32  
  161  14:54  Zergling x4  
  161  14:55  Zergling x8  
  161  14:56  Zergling x8  
  161  15:00  Viper  
  161  15:02  Zergling x2  
  161  15:04  Overlord  
  161  15:05  Overseer  
  161  15:06  Overseer x3  
  161  15:07  Zergling x6  
  158  15:09  Corruptor  
  158  15:13  Corruptor  
  160  15:20  Corruptor x3  
  160  15:21  Corruptor x3  
  166  15:25  Overlord x2  
  166  15:26  Zergling x20  
  166  15:27  Overseer x4  
  182  15:30  Overlord x2  
  182  15:33  Zergling x4  
  184  15:40  Baneling  
  184  15:41  Baneling x26  
  184  15:43  Hatchery x2  
  184  15:48  Zergling x2  
  184  15:49  Zergling x32  
  199  15:54  Baneling  
  199  15:55  Baneling x21  
  199  15:56  Baneling x4  
  199  16:10  Zergling x2  
  199  16:11  Zergling x22  
  200  16:19  Zergling x2  
  200  16:20  Zergling x2  
  200  16:24  Unknown  
Show
View Real Time Build Order
Export as new Build Order

lIIllllIIlll Terran 

Build Orders: Gas First Reaper Expand, Hellion Opening, Reaper Expand, Bio Tank 

Get SALT Encoding   

  12  0:01  SCV  
  13  0:13  SCV  
  14  0:17  Supply Depot  
  14  0:25  SCV  
  14  0:27  Refinery  
  15  0:39  SCV  
  16  0:44  Barracks  
  16  0:51  SCV  
  17  1:03  SCV  
  18  1:15  SCV  
  19  1:31  Orbital Command, Reaper  
  20  1:42  Command Center  
  20  1:52  Factory  
  20  1:56  SCV  
  21  2:04  Refinery  
  21  2:05  Barracks Reactor  
  21  2:08  SCV  
  21  2:14  Supply Depot  
  22  2:20  SCV  
  23  2:35  SCV  
  24  2:38  Starport  
  28  2:44  Hellion x2  
  28  2:47  SCV  
  29  2:54  Barracks Tech Lab  
  29  2:59  SCV  
  29  3:00  Orbital Command  
  32  3:05  Hellion  
  32  3:10  Hellion  
  32  3:12  SCV  
  35  3:20  Viking  
  35  3:24  SCV  
  35  3:25  Barracks Tech Lab  
  38  3:27  SCV  
  39  3:34  Supply Depot  
  39  3:39  Hellion x2  
  43  3:44  SCV x2  
  43  3:47  Stimpack  
  45  3:56  SCV x2  
  45  4:08  SCV x2  
  41  4:15  Starport Reactor  
  41  4:16  Command Center  
  40  4:20  SCV x2  
  42  4:25  Barracks  
  42  4:26  Supply Depot  
  42  4:27  Supply Depot  
  42  4:32  SCV  
  42  4:33  SCV  
  42  4:36  Marine  
  42  4:38  Barracks  
  45  4:45  SCV x2  
  47  4:47  Siege Tank  
  50  4:57  SCV x2  
  52  5:01  Engineering Bay, Marine  
  52  5:02  Engineering Bay  
  52  5:03  Starport Reactor  
  52  5:05  Refinery  
  52  5:06  Refinery  
  53  5:09  SCV x2  
  55  5:16  Marine x2  
  55  5:21  SCV x2  
  59  5:27  Terran Infantry Weapons Level 1, Terran Infantry Armor Level 1  
  62  5:28  Siege Tank, Supply Depot  
  62  5:29  Orbital Command  
  62  5:30  Marine  
  62  5:31  Marine  
  62  5:34  SCV, Marine  
  62  5:35  SCV  
  67  5:36  Marine  
  66  5:43  Supply Depot, Medivac  
  66  5:44  Medivac  
  66  5:48  Combat Shield, SCV  
  66  5:49  SCV  
  72  5:52  Marine x2  
  72  5:53  Marine  
  72  5:54  Marine  
  76  5:58  Orbital Command  
  76  6:04  SCV x2  
  76  6:05  Marine  
  76  6:09  Supply Depot  
  76  6:10  Marine x2  
  76  6:11  Marine  
  81  6:13  Siege Tank  
  81  6:14  Marine  
  81  6:16  SCV x2  
  81  6:17  Supply Depot  
  88  6:24  Marine  
  89  6:28  Marine x2  
  89  6:29  Marine  
  89  6:31  SCV x3  
  89  6:32  Marine  
  96  6:34  Armory  
  96  6:35  Medivac x2  
  100  6:43  SCV x3  
  100  6:44  Marine  
  100  6:46  Supply Depot, Marine x2  
  100  6:47  Marine  
  106  6:50  Siege Tank  
  88  6:55  SCV x3  
  89  7:03  Barracks  
  89  7:04  Barracks  
  89  7:07  Marine x5  
  94  7:12  SCV x2  
  94  7:13  SCV  
  97  7:16  Refinery  
  97  7:17  Refinery  
  97  7:19  Factory  
  97  7:23  Siege Tank  
  97  7:26  Terran Infantry Weapons Level 2  
  97  7:27  Terran Infantry Armor Level 2  
  100  7:32  SCV x3  
  100  7:36  Marine x4  
  107  7:37  Supply Depot, Marine  
  107  7:43  Terran Vehicle And Ship Armor Level 1  
  108  7:44  SCV x2  
  108  7:45  SCV  
  108  7:51  Barracks Reactor x2  
  110  7:55  Siege Tank, Marine x5  
  118  8:06  Factory Tech Lab  
  118  8:08  Supply Depot, Command Center  
  118  8:12  Medivac x2  
  122  8:13  Marine x5  
  127  8:22  Supply Depot  
  127  8:26  Siege Tank, Marine x3  
  132  8:29  Marine  
  132  8:30  Marine x2  
  136  8:35  Supply Depot x2  
  136  8:38  Siege Tank  
  139  8:41  Marine x2  
  139  8:43  Marine, Medivac x2  
  146  8:51  SCV x3  
  137  8:57  Marine x6  
  137  8:59  Marine x2  
  137  9:01  Siege Tank, Marine  
  149  9:06  SCV  
  149  9:07  SCV x2  
  147  9:18  SCV  
  147  9:19  SCV x2  
  147  9:21  Sensor Tower  
  150  9:25  Siege Tank  
  150  9:26  Marine x3  
  156  9:32  SCV x3  
  156  9:34  Siege Tank  
  162  9:39  Terran Vehicle And Ship Armor Level 2  
  162  9:50  Terran Infantry Armor Level 3, Terran Infantry Weapons Level 3  
  162  9:51  Marine x2  
  164  9:59  Siege Tank, Marine  
  166  10:02  Planetary Fortress  
  153  10:07  SCV x3  
  154  10:20  SCV x3  
  154  10:21  Marine x7  
  151  10:22  Refinery x2, Sensor Tower  
  151  10:24  Medivac  
  151  10:27  Siege Tank  
  162  10:32  Marine  
  162  10:33  Marine  
  162  10:35  SCV x2  
  165  10:39  Marine x3  
  165  10:41  Supply Depot  
  168  10:46  Siege Tank, Marine  
  167  10:57  Supply Depot  
  167  10:58  Supply Depot x2  
  167  10:59  Supply Depot  
  167  11:05  Starport x2  
  167  11:15  Fusion Core  
  167  11:19  Siege Tank, Medivac  
  167  11:20  Supply Depot, SCV x3, Marine x3, Medivac  
  167  11:21  Supply Depot, Marine x6  
  167  11:24  Refinery  
  186  11:30  Bunker  
  186  11:32  SCV x2  
  188  11:34  Command Center  
  188  11:41  Siege Tank, SCV, Marine x4  
  188  11:42  Marine x4  
  188  11:45  Starport Tech Lab  
  200  11:48  Starport Reactor  
  200  12:00  Terran Vehicle And Ship Armor Level 3, Ghost Academy, Barracks  
  200  12:01  Barracks  
  200  12:03  Marine  
  200  12:04  Barracks  
  199  12:14  Marine x8  
  197  12:18  Viking x2  
  197  12:21  Marine  
  200  12:26  Advanced Ballistics  
  199  12:32  Marine  
  200  12:44  Viking  
  200  12:46  Viking x2  
  200  12:48  Viking  
  193  12:52  Missile Turret  
  193  12:53  Command Center  
  193  12:56  Barracks Tech Lab x2  
  193  12:57  Barracks Tech Lab  
  191  13:06  Personal Cloaking  
  191  13:07  Hi-Sec Auto Tracking, Structure Armor, Command Center x2  
  183  13:13  Viking  
  183  13:14  Viking  
  183  13:15  Viking, Ghost  
  183  13:16  Viking  
  183  13:17  Ghost  
  183  13:18  Viking  
  183  13:19  Ghost  
  189  13:26  Ghost  
  189  13:43  Viking, Ghost  
  189  13:44  Viking  
  189  13:45  Ghost  
  189  13:48  Ghost  
  190  14:00  Liberator  
  193  14:06  Command Center  
  193  14:08  Command Center  
  189  14:11  Planetary Fortress  
  189  14:12  Missile Turret  
  188  14:17  SCV x2  
  188  14:29  Missile Turret  
  188  14:31  Missile Turret  
  188  14:33  Liberator  
  188  14:34  Liberator  
  188  14:38  Terran Ship Weapons Level 1  
  188  14:39  Concussive Shells  
  188  14:42  Refinery  
  188  14:43  Refinery  
  188  14:48  Sensor Tower  
  188  14:50  SCV x3  
  169  14:57  Siege Tank x2  
  143  15:01  Marine x6  
  142  15:09  Medivac x2  
  146  15:19  Liberator x2  
  146  15:22  Planetary Fortress  
  146  15:26  Marine x8  
  154  15:33  Liberator  
  160  15:43  Sensor Tower  
  160  15:48  SCV x3  
  166  15:57  Siege Tank x2  
  166  16:00  Refinery, SCV x3  
  175  16:13  Unknown  
  175  16:14  Marauder x2  
  175  16:15  Marauder x2, Unknown  
  175  16:17  Marine x3  
  157  16:30  Unknown  
Tags
 
Add a new tag
Caveats
  • Supply blocks, unpowered buildings, or Contaminate may cause inaccurate times.
  • Supply counts are checked every 10 seconds.